 Dungeon Crawl Stone Soup version 0.23.2-40-g277498a001 (webtiles) character file.

Game seed: 7119249396362980816

44 Descartes the Grasshopper (level 3, 0/16 HPs)
             Began as a Felid Warper on Sept 7, 2019.
             Slain by an adder (3 damage)
             ... on level 2 of the Dungeon.
             The game lasted 00:05:03 (1646 turns).

Descartes the Grasshopper (Felid Warper)            Turns: 1646, Time: 00:05:03

Health: 0/16       AC:  1    Str:  7    XL:     3   Next: 41%
Magic:  4/7        EV: 19    Int: 19    God:
Gold:   108        SH:  0    Dex: 15    Spells: 2/6 levels left
                                        Lives:  0   Deaths: 0

rFire    . . .     SeeInvis +     - Unarmed
rCold    . . .     Gourm    .   (shield unavailable)
rNeg     . . .     Faith    .   (armour unavailable)
rPois    .         Spirit   .   (helmet unavailable)
rElec    .         Reflect  .   (cloak unavailable)
rCorr    .         Harm     .   (gloves unavailable)
MR       .....     Rnd*Tele +   (boots unavailable)
Stlth    ++........             (no amulet)
HPRegen  0.05/turn              l - +4 ring of intelligence
MPRegen  0.10/turn              p - ring of teleportation (curse)

@: quick
A: very small, no armour, no weapons or thrown items, stealth, claws 1, fangs 3,
see invisible, carnivore, speed 1, shaggy fur 1, slow metabolism 1, sharp paws
a: no special abilities


You were on level 2 of the Dungeon.
You were very full.

You visited 1 branch of the dungeon, and saw 2 of its levels.

You collected 108 gold pieces.

Inventory:

Missiles
 i - 19 stones
Jewellery
 l - a +4 ring of intelligence (left paw)
 n - an uncursed amulet of faith
 p - a cursed ring of teleportation (right paw)
Scrolls
 a - a scroll of amnesia {unknown}
 b - 3 scrolls of blinking
 j - a scroll of teleportation
 k - a scroll of random uselessness {unknown}
 m - a scroll of fear {unknown}
 o - a scroll of immolation {unknown}
Potions
 e - a potion of haste
 f - a potion of degeneration {unknown}
 g - a potion of curing
 h - a potion of might {unknown}
 q - a potion of flight {unknown}
Comestibles
 c - a ration
 d - 3 chunks of flesh


   Skills:
 + Level 2.1 Fighting
 * Level 3.7 Dodging
 * Level 2.0 Stealth
 * Level 2.5 Unarmed Combat
 * Level 2.3 Spellcasting
 + Level 0.3 Charms
 + Level 4.5 Translocations


You had 2 spell levels left.
You knew the following spells:

 Your Spells              Type           Power        Failure   Level  Hunger
a - Shroud of Golubria    Chrm/Tloc      ##........   9%          2    ##.....
b - Blink                 Tloc           N/A          3%          2    ##.....

Your spell library contained the following spells:

 Spells                   Type           Power        Failure   Level  Hunger
 Gell's Gravitas          Tloc           ###.......   8%          3    ###....
 Lesser Beckoning         Tloc           ###.......   8%          3    ###....
 Teleport Other           Tloc           ###.....     8%          3    ###....
 Passage of Golubria      Tloc           N/A          26%         4    #####..


Dungeon Overview and Level Annotations

Branches:
Dungeon (2/15)

Altars:
Vehumet

Annotations:
D:2 Sigmund


Innate Abilities, Weirdness & Mutations

You cannot wear armour.
You are incapable of wielding weapons or throwing items.
Your paws allow you to move quietly. (Stealth)
You have sharp claws.
You have razor-sharp teeth.
You have supernaturally acute eyesight. (SInv)
You are carnivorous and can eat meat at any time.
You cover ground quickly.
You are covered in fur. (AC +1)
You have a slow metabolism.
Your sharp claws are effective at attacking unaware monsters.


Message History

You scratch the adder.
The adder is heavily wounded.
The adder barely misses you.
You scratch the adder but do no damage. Your claw misses the adder.
The adder is heavily wounded.
The adder completely misses you.
You miss the adder.
The adder is heavily wounded.
The adder bites you.
You barely miss the adder.
The adder is heavily wounded.
The adder closely misses you. The adder bites you.
* * * LOW HITPOINT WARNING * * *
You scratch the adder.
The adder is severely wounded.
The adder completely misses you.
You completely miss the adder.
The adder is severely wounded.
The adder bites you.
You die...

..... ...... #.w....
... #...... ...
##....... ....
#........ ....
#.#######..#...# .....
#....@SShr###.###.....
########O..#...#O.....
#....._.)$.....
#...#...#...###
#.r###.###..#
#...#...#..##
#..........#
#....####### ######


You could see an ogre, 2 adders, a quokka and a jackal.

Vanquished Creatures
  An adder (D:2)
  An ooze (D:1)
  A leopard gecko (D:2)
  A giant cockroach (D:1)
  3 goblins
  3 hobgoblins
  7 jackals
  3 bats
  4 kobolds (D:1)
  5 rats
29 creatures vanquished.

Notes
Turn   | Place    | Note
-------+----------+-------------------------------------------
     0 | D:1      | Descartes the Felid Warper began the quest for the Orb.
     0 | D:1      | Reached XP level 1. HP: 9/9 MP: 4/4
   165 | D:1      | Reached XP level 2. HP: 2/13 MP: 6/6
   329 | D:1      | Reached skill level 1 in Stealth
   882 | D:1      | Learned a level 2 spell: Blink
   885 | D:1      | Learned a level 2 spell: Shroud of Golubria
  1316 | D:2      | Reached XP level 3. HP: 16/16 MP: 4/7
  1582 | D:2      | Noticed Sigmund
  1603 | D:2      | Found a radiant altar of Vehumet.
  1611 | D:2      | Noticed an ogre
  1646 | D:2      | Slain by an adder

Skill      XL: |  1  2  3 |
---------------+----------+-----
Stealth        | 1 2 |  2.0
Fighting       | |  2.1
Dodging        | |  3.7
Unarmed Combat | |  2.5
Spellcasting   | |  2.3
Charms         | |  0.3
Translocations | |  4.5

Action                   || total
-------------------------++-------
Melee: Unarmed           ||   137
       Bite              ||    10
       Punch             ||     1
 Cast: Shroud of Golubri ||    13
  Use: Scroll            ||     3
 Stab: Sleeping          ||     3
  Eat: Chunk             ||     9
Armor: Skin              ||     8
Dodge: Dodged            ||   101
